 Dungeon Crawl Stone Soup version 0.26-a0-639-g72c4674329 (webtiles) character file.

Game seed: 16407050896246327543

439481 DogServant the Earth Mage (level 23, -3/138 HPs)
             Began as a Gargoyle Ice Elementalist on Sept 16, 2020.
             Was an Elder of Sif Muna.
             Slain by a titan (30 damage)
             ... on level 5 of the Vaults on Sept 17, 2020.
             The game lasted 07:52:23 (101003 turns).

DogServant the Earth Mage (GrIE)                  Turns: 101003, Time: 07:52:24

Health: -3/138     AC: 41    Str: 14    XL:     23   Next: 74%
Magic:  8/51       EV: 12    Int: 38    God:    Sif Muna [****..]
Gold:   56         SH: 12    Dex: 10    Spells: 6/50 levels left

rFire    . . .     SeeInvis .   y - staff of earth
rCold    . . .     Faith    .   C - +3 warlock's mirror {reflect}
rNeg     + . .     Spirit   .   f - +5 ring mail "Tyruamiq" {Int+3}
rPois    ∞         Reflect  +   T - +3 hat of Pondering {ponderous, MR+ MP+10 Int+5}
rElec    +         Harm     .   v - +0 cloak {rCorr}
rCorr    +         Rampage  .   c - +2 pair of gloves
MR       +++..                  m - +1 pair of boots
Stlth    ++........             O - amulet of magic regeneration
HPRegen  0.33/turn              S - +6 ring of intelligence
MPRegen  0.57/turn              A - ring of protection from magic

@: flying, very slightly contaminated, studying Transmutations, slow
A: big wings, large bone plates 1, yellow scales 1, clever 1, negative energy
resistance 1, electricity resistance, weak 1, unbreathing, petrification
resistance, rot immunity, AC +17
}: 3/15 runes: decaying, serpentine, silver
a: Stop Flying, Channel Magic, Forget Spell, Divine Exegesis, Renounce Religion


You were on level 5 of the Vaults.
You worshipped Sif Muna.
Sif Muna was greatly pleased with you.
You visited 10 branches of the dungeon, and saw 44 of its levels.
You also visited: Ossuary and Bailey.

You collected 4738 gold pieces.
You spent 4682 gold pieces at shops.

Inventory:

Armour
 c - a +2 pair of gloves (worn)
 d - +0 fire dragon scales
 f - the +5 ring mail "Tyruamiq" (worn) {Int+3}
   (You found it on level 3 of the Elven Halls)

   It affects your intelligence (+3).
 m - a +1 pair of boots (worn)
 v - a +0 cloak of preservation (worn)
 C - the +3 warlock's mirror (worn) {reflect}
   (You acquired it on level 13 of the Dungeon)
 P - +5 acid dragon scales
 T - the +3 hat of Pondering (worn) {ponderous, MR+ MP+10 Int+5}
   (You took it off Gastronok on level 3 of the Lair of Beasts)

   It affects your intelligence (+5).
   It affects your resistance to hostile enchantments.
   It affects your magic capacity (+10).
 Y - +0 ice dragon scales
Magical Staves
 r - an uncursed staff of fire
 y - an uncursed staff of earth (weapon)
 B - an uncursed staff of air
 G - an uncursed staff of cold
Jewellery
 e - an uncursed ring of see invisible
 h - the amulet of the Chupacabra {Reflect rPois Int+6 Dex+2 Slay-2 SH+5}
   (You acquired it on level 3 of the Elven Halls)

   [amulet of reflection]

   It shields you and reflects attacks.
   It affects your intelligence (+6).
   It affects your dexterity (+2).
   It affects your accuracy and damage with ranged weapons and melee attacks
   (-2).
   It protects you from poison.
   It affects your SH (+5).
 p - an uncursed ring of protection from fire
 A - a ring of protection from magic (right hand)
 O - an amulet of magic regeneration (around neck)
 R - an uncursed ring of wizardry
 S - a +6 ring of intelligence (left hand)
Wands
 k - a wand of digging (2)
 q - a wand of flame (91)
 N - a wand of iceblast (16)
Scrolls
 a - 10 scrolls of identify
 b - 18 scrolls of remove curse
 j - a scroll of summoning
 l - 5 scrolls of amnesia
 n - 2 scrolls of blinking
 o - a scroll of brand weapon
 t - a scroll of acquirement
 w - a scroll of fear
 x - 19 scrolls of teleportation
 H - 5 scrolls of enchant armour
 I - a scroll of magic mapping
 L - 4 scrolls of fog
 X - 2 scrolls of holy word
Potions
 g - 4 potions of lignification
 i - 9 potions of curing
 s - a potion of invisibility
 u - 5 potions of brilliance
 z - 2 potions of haste
 D - 4 potions of ambrosia
 E - 2 potions of stabbing
 F - 4 potions of might
 K - 3 potions of resistance
 M - a potion of magic
 Q - a potion of cancellation
Books
 Z - a manual of Transmutations


   Skills:
 - Level 12.5 Fighting
   Level 2.2 Short Blades
   Level 3.0(4.1) Maces & Flails
 - Level 4.1(4.6) Staves
 + Level 9.2 Armour
 + Level 4.6 Dodging
 - Level 6.1 Stealth
 - Level 8.3 Shields
 - Level 14.0 Spellcasting
 + Level 16.0 Conjurations
 - Level 11.0 Summonings
 - Level 6.8 Translocations
 - Level 11.3 Fire Magic
 - Level 12.9 Ice Magic
 + Level 11.2 Air Magic
 * Level 17.8 Earth Magic
 - Level 10.9 Invocations
 - Level 7.4 Evocations


You had 6 spell levels left.
You knew the following spells:

 Your Spells              Type           Power        Failure   Level
a - Lightning Bolt        Conj/Air       #######...   1%          5
b - Frozen Ramparts       Ice            ######       1%          3
c - Ozocubu's Armour      Ice            #######.     1%          3
d - Hailstorm             Conj/Ice       #######.     1%          4
e - Spellforged Servitor  Conj/Summ      #######...   8%          7
f - Iron Shot             Conj/Erth      ########..   1%          6
g - Blink                 Tloc           N/A          1%          2
h - Starburst             Conj/Fire      #######...   1%          6
i - Lehudib's Crystal Sp  Conj/Erth      ########..   16%         8

Your spell library contained the following spells:

 Spells                   Type           Power        Failure   Level
 Freeze                   Ice            ####         0%          1
 Magic Dart               Conj           ####         0%          1
 Sandblast                Erth           ######       0%          1
 Shock                    Conj/Air       ####         0%          1
 Searing Ray              Conj           ######       0%          2
 Stone Arrow              Conj/Erth      ######       0%          3
 Call Imp                 Summ           #######.     1%          2
 Corpse Rot               Necr/Air       N/A          1%          2
 Ensorcelled Hibernation  Hex/Ice        ######       1%          2
 Passwall                 Tmut/Erth      #######.     1%          2
 Poisonous Vapours        Pois/Air       ######       1%          2
 Swiftness                Air            #######.     1%          2
 Conjure Flame            Conj/Fire      #######.     1%          3
 Dazzling Flash           Conj/Hex       ######       1%          3
 Gell's Gravitas          Tloc           ######....   1%          3
 Ignite Poison            Fire/Tmut/Pois ######..     1%          3
 Inner Flame              Hex/Fire       ######..     1%          3
 Lesser Beckoning         Tloc           ######....   1%          3
 Mephitic Cloud           Conj/Pois/Air  #######.     1%          3
 Portal Projectile        Hex/Tloc       ######       1%          3
 Static Discharge         Conj/Air       #######.     1%          3
 Teleport Other           Tloc           ######..     1%          3
 Airstrike                Air            #######...   1%          4
 Fulminant Prism          Conj/Hex       ######....   1%          4
 Ice Form                 Ice/Tmut       ######..     1%          4
 Iskenderun's Mystic Bla  Conj/Tloc      #######.     1%          4
 Leda's Liquefaction      Hex/Erth       #######...   1%          4
 Passage of Golubria      Tloc           N/A          1%          4
 Petrify                  Tmut/Erth      #######.     1%          4
 Summon Ice Beast         Ice/Summ       #######.     1%          4
 Summon Lightning Spire   Summ/Air       #######.     1%          4
 Bolt of Magma            Conj/Fire/Erth ########..   1%          5
 Fireball                 Conj/Fire      #######...   1%          5
 Iskenderun's Battlesphe  Conj           #######.     1%          5
 Lee's Rapid Deconstruct  Erth           ########..   1%          5
 Summon Demon             Summ           #######...   1%          5
 Summon Forest            Summ/Tloc      #######...   1%          5
 Conjure Ball Lightning   Conj/Air       #######...   1%          6
 Freezing Cloud           Conj/Ice/Air   #######...   1%          6
 Corona                   Hex            ####...      2%          1
 Irradiate                Conj/Tmut      ######....   2%          5
 Slow                     Hex            ####....     3%          2
 Metabolic Englaciation   Hex/Ice        ######....   4%          5
 Shadow Creatures         Summ           N/A          4%          6
 Confusing Touch          Hex            ####....     7%          3
 Spider Form              Tmut/Pois      ####......   7%          3
 Tukima's Dance           Hex            ####....     7%          3
 Summon Mana Viper        Hex/Summ       ######..     7%          5
 Dispersal                Tloc           ######....   22%         6
 Cause Fear               Hex            ####......   24%         4
 Agony                    Necr           ####....     54%         5
 Alistair's Intoxication  Tmut/Pois      ####.....    54%         5
 Blade Hands              Tmut           ####......   54%         5
 Excruciating Wounds      Necr           ####......   54%         5
 Yara's Violent Unravell  Hex/Tmut       ####......   54%         5
 Eringya's Noxious Bog    Tmut/Pois      ####......   98%         6
 Hydra Form               Tmut           ####......   98%         6
 Orb of Destruction       Conj           #######...   2%          7
 Monstrous Menagerie      Summ           #######...   22%         7
 Summon Greater Demon     Summ           #######...   22%         7
 Summon Hydra             Summ           #######...   22%         7
 Malign Gateway           Summ/Tloc      #######...   45%         7
 Chain Lightning          Conj/Air       #######...   52%         8
 Ignition                 Fire           #######...   83%         8
 Haunt                    Necr/Summ      ######....   91%         7
 Dragon Form              Tmut           ####......   100%        7
 Absolute Zero            Ice            #######...   100%        9
 Dragon's Call            Summ           #######...   100%        9
 Fire Storm               Conj/Fire      #######...   100%        9
 Sublimation of Blood     Necr           Unusable     N/A         2
 Statue Form              Tmut/Erth      Unusable     N/A         6

Dungeon Overview and Level Annotations

Branches:
Dungeon (15/15)            Temple (1/1) D:4            Lair (6/6) D:9
  Swamp (4/4) Lair:4        Snake (4/4) Lair:4        Slime (3/5) Lair:6
    Orc (2/2) D:10            Elf (3/3) Orc:2        Vaults (5/5) D:13
  Crypt (0/3) Vaults:2     Depths (1/5) D:15        Ossuary (visited)
 Bailey (visited)

Altars:
Cheibriados
Dithmenos
Elyvilon
Gozag
Kikubaaqudgha
Okawaru
Qazlal
Ru
Sif Muna
Trog
Uskayaw
Vehumet
Xom
Yredelemnul
The Shining One
Jiyva

Shops:
D:8 [   D:13 ?   D:15 ?   Orc:2 [(*:   Elf:1 *   Elf:2 [   Elf:3 *
Snake:3 ==}   Vaults:2 *

Portals:
Trove: Vaults:1 (give +3 gold dragon scales)

Annotations:
D:13 3 runed translucent doors, Afuzoer's ghost, journeyman TrDe
D:14 exclusion: earth elemental
Swamp:2 2 transporters, supermini's ghost, adept MiFi
Vaults:3 exclusion: vault warden


Innate Abilities, Weirdness & Mutations

You are resistant to torment.
Your stone body is resilient. (AC +17)
You are immune to poison.
Your large and strong wings let you fly indefinitely.
You resist negative energy. (rN+)
You are resistant to electric shocks. (rElec)
You can survive without breathing.
You are immune to petrification.
You are immune to rotting.
You are partially covered in large bone plates. (SH +4)
You are partially covered in yellow scales. (AC +2)
Your mind is acute. (Int +2)
You are weak. (Str -2)


Message History

The titan casts a spell.
The titan is healed somewhat.
Casting: Iron Shot (mildly dangerous; 1% risk of failure)
Confirm with . or Enter, or press ? or * to list all spells.
Aiming: Iron Shot (mildly dangerous; 1% risk of failure)
Press: ? - help, Shift-Dir - straight line, f/p - yaktaur captain
Aim: a yaktaur captain, wielding a +0 arbalest, wearing a +0 robe and quivering 22 bolts (almost dead)
You feel a surge of power!
The iron shot hits the yaktaur captain!!!
You kill the yaktaur captain!
Sif Muna accepts your kill.
Casting: Iron Shot (mildly dangerous; 1% risk of failure)
Confirm with . or Enter, or press ? or * to list all spells.
Aiming: Iron Shot (mildly dangerous; 1% risk of failure)
Press: ? - help, Shift-Dir - straight line, f - titan
Aim: a titan (moderately wounded)
You feel a surge of power!
The iron shot hits the titan!!!
The titan is severely wounded.
The titan hits you!!
You die...

#........#............)..#
##...##...#...........#).#
##...##...#.........)#[.#
##...##...#.........#..#
.###...##...#........#..#
.C###...##...#.......#(.#
...###..(##...#......#..#
#...###.8.##...#.....#(.#
#.(.###@..##...#....#..#
#).)###C))##...#...#..#
#.........##...#..#).#
##!.D###...##...#.#..#
##.C.# #...##...##..#
##?..# #...##...#..#
##)..# #...##..#..# ##|.)#
#... ...# #..c# #.


You could see a titan and a friendly spellforged servitor (summoned).

Vanquished Creatures
  Boris (twice) (Vaults:2 Vaults:4)
  Saint Roka (Snake:3)
  Bai Suzhen (Snake:3)
  Nikola (Swamp:1)
  Jorgrun (Swamp:2)
  A quicksilver dragon (Vaults:5)
  Asterion (Snake:3)
  2 titans
  2 deep elf master archers (Elf:3)
  A deep elf blademaster (Elf:3)
  A lich (Vaults:3)
  8 acid blobs
  3 sphinxes
  Gastronok (Lair:3)
  2 thorn hunters
  A storm dragon (Vaults:5)
  A shadow dragon (Vaults:5)
  2 fire giants
  3 azure jellies
  A frost giant (Vaults:2)
  8 nagarajas (Snake:4)
  2 deep elf sorcerers (Elf:3)
  3 orc warlords
  6 vault wardens
  Aizul (Snake:1)
  2 deep elf elementalists (Elf:3)
  4 very ugly things
  6 stone giants
  An entropy weaver (Vaults:3)
  9 ironheart preservers
  Nessos (D:13)
  3 deep elf demonologists (Elf:3)
  Azrael (Snake:3)
  8 deep elf annihilators
  2 green deaths (Swamp:4)
  An ettin (Vaults:3)
  Josephine (D:12)
  2 deep elf death magi
  3 death oozes
  7 yaktaur captains
  3 fire dragons
  Fannar (Lair:3)
  Harold (D:10)
  2 ice dragons
  27 vault guards
  4 great orbs of eyes
  22 naga warriors
  5 deep elf high priests (Elf:3)
  19 hydras
  3 shambling mangroves
  7 centaur warriors
  Erica (Lair:2)
  A hell beast (Swamp:4)
  5 ogre magi
  2 ghost crabs (Swamp:3)
  14 two-headed ogres
  11 anacondas
  25 dancing weapons
  5 death yaks (Lair:5)
  18 alligators
  4 orc high priests
  2 deep troll earth magi (Vaults:3)
  A thrashing horror (Swamp:4)
  2 deep troll shamans (Vaults:1)
  18 naga sharpshooters
  6 tengu warriors
  3 shock serpents
  23 deep elf knights
  Nergalle (Lair:3)
  4 salamander mystics
  A flayed ghost (Vaults:3)
  2 sea snakes (Snake:4)
  A sea snake (shapeshifter) (Vaults:4)
  A spriggan druid (Swamp:2)
  2 unseen horrors
  An iron troll (D:12)
  9 deep trolls
  2 unseen horrors (shapeshifter)
  A lindwurm (shapeshifter) (Vaults:5)
  2 glowing orange brains
  11 ironbrand convokers
  8 naga ritualists
  7 swamp dragons
  A wizard (Vaults:1)
  7 deep elf archers
  11 orc knights
  A phantasmal warrior (Vaults:2)
  10 mana vipers
  5 orc sorcerers
  A necromancer (Vaults:3)
  A wolf spider zombie (D:15)
  A frost giant zombie (Vaults:3)
  39 deep elf magi
  9 cyclopes
  19 ugly things
  12 salamanders
  6 shining eyes
  71 slime creatures
  2 large abominations (Swamp:4)
  4 wolf spiders
  2 manticores
  39 black mambas
  12 elephants
  Psyche (D:10)
  Joseph (D:7)
  An elephant (shapeshifter) (Vaults:5)
  2 guardian serpents (shapeshifter)
  A black mamba (shapeshifter) (D:13)
  26 naga magi
  14 vault sentinels
  5 guardian serpents
  20 cane toads
  2 orange demons (Swamp:4)
  Maggie (D:7)
  A yaktaur zombie (Vaults:3)
  2 gargoyles (D:12)
  A rime drake (Lair:5)
  2 kobold demonologists (D:15)
  6 freezing wraiths
  9 komodo dragons
  2 tengu conjurers
  32 yaktaurs
  A queen bee (D:15)
  A harpy zombie (D:14)
  A jumping spider (Vaults:3)
  2 trolls (shapeshifter)
  7 polar bears (Lair:6)
  3 meliai (D:15)
  8 trolls
  24 hornets
  A nameless horror (Slime:2)
  A tengu simulacrum (Vaults:3)
  A blink frog (shapeshifter) (Elf:3)
  11 tyrant leeches
  14 bog bodies
  22 blink frogs
  14 hippogriffs
  11 dream sheep
  2 hippogriffs (shapeshifter)
  A frost giant simulacrum (Vaults:2)
  An ettin zombie (Vaults:3)
  3 shadows (Swamp:4)
  2 wyverns (D:9)
  2 centaur simulacra
  2 vampires (D:15)
  38 spriggans
  7 wraiths
  3 air elementals
  A hog (shapeshifter) (Elf:3)
  3 water elementals (Elf:1)
  4 basilisks
  33 yaks
  13 golden eyes
  A yaktaur simulacrum (Vaults:2)
  2 golden eyes (shapeshifter) (Vaults:4)
  15 vampire mosquitoes
  5 fire elementals
  8 wargs
  A swamp worm (shapeshifter) (Vaults:4)
  49 nagas
  A deep troll zombie (Vaults:3)
  A soldier ant (D:11)
  7 acid dragons
  15 water moccasins
  5 hell hounds (Snake:3)
  7 insubstantial wisps
  20 swamp worms
  Duvessa (D:7)
  52 orc warriors
  5 porcupines
  8 swamp drakes
  3 ice beasts
  A black bear (Lair:6)
  4 eyes of draining
  6 sky beasts
  17 ogres
  2 phantoms
  A necrophage (D:9)
  23 wolves
  15 boggarts
  10 centaurs
  11 crocodiles
  2 elf zombies (Ossuary)
  5 big kobolds
  17 bullfrogs
  2 earth elementals
  A wyvern skeleton (D:5)
  Dowan (D:7)
  5 scorpions
  2 water moccasin skeletons
  11 killer bees (D:15)
  5 howler monkeys
  23 wights
  2 bullfrog zombies
  2 quasits (D:7)
  A wyvern simulacrum (D:14)
  9 centaur zombies
  20 orc priests
  8 hounds
  3 jellies
  5 iguanas
  7 centaur skeletons
  39 orc wizards
  6 worker ants
  A big kobold zombie (Ossuary)
  4 hound zombies (Ossuary)
  A hound skeleton (D:6)
  3 mummies (Ossuary)
  22 adders
  5 gnolls
  A howler monkey skeleton (D:4)
  A white imp (D:8)
  3 adder zombies (Ossuary)
  An adder skeleton (D:8)
  A worm (D:3)
  4 dart slugs
  5 leopard geckos
  109 orcs
  11 ball pythons
  7 giant cockroaches
  A gnoll zombie (Ossuary)
  13 goblins
  7 hobgoblins
  3 jackals (D:7)
  A quokka (D:6)
  6 bats
  4 frilled lizards
  7 goblin zombies (Ossuary)
  3 hobgoblin zombies (Ossuary)
  3 jackal zombies (Ossuary)
  34 kobolds
  6 kobold zombies (Ossuary)
  A leopard gecko skeleton (D:6)
  An orc zombie (Ossuary)
  A quokka skeleton (D:5)
  5 quokka zombies
  6 rats
  A rat zombie (Ossuary)
  A crawling corpse (Elf:1)
1769 creatures vanquished.

Vanquished Creatures (collateral kills)
  A lich (Vaults:4)
  2 titans (Vaults:5)
  A deep elf blademaster (Elf:3)
  An acid blob (Slime:2)
  A deep elf sorcerer (Elf:3)
  A frost giant (Vaults:5)
  3 vault wardens
  A deep elf elementalist (Elf:3)
  6 very ugly things
  An ironheart preserver (Vaults:3)
  A stone giant (Vaults:3)
  2 deep elf death magi (Elf:3)
  A deep elf high priest (Elf:3)
  A yaktaur captain (Vaults:5)
  A great orb of eyes (Vaults:2)
  A vault guard (Vaults:4)
  An alligator (shapeshifter) (Vaults:4)
  3 dancing weapons (Elf:2)
  A deep troll earth mage (Vaults:3)
  2 deep elf knights
  A small abomination (Elf:1)
  5 deep trolls
  2 deep elf archers
  2 ironbrand convokers (Vaults:4)
  A mana viper (Snake:1)
  Maurice (D:13)
  5 slime creatures
  3 ugly things
  An orc knight (Vaults:4)
  10 deep elf magi
  A centaur zombie (D:14)
  A vault sentinel (Vaults:5)
  A freezing wraith (Vaults:4)
  A tyrant leech (Lair:4)
  A spriggan (Lair:4)
  A wraith (D:14)
  Edmund (D:5)
  An ice beast (D:8)
  2 orc warriors
  A phantom (D:5)
  An orc wizard (D:7)
  An orc (Orc:2)
  A crawling corpse (Elf:1)
77 creatures vanquished.

Vanquished Creatures (others)
  A fire giant (Vaults:4)
  Sonja (Lair:3)
  2 mana vipers (Snake:3)
  4 black mambas (Snake:3)
  A cane toad (Swamp:3)
  A tyrant leech (Swamp:3)
  2 hornets
  A fire elemental (Snake:3)
  A naga (Snake:3)
  An orc priest (Snake:3)
  2 orcs (Snake:3)
  A kobold (D:15)
  A bush (Lair:6)
  78 fungi
  77 plants
174 creatures vanquished.

Grand Total: 2020 creatures vanquished

Notes
Turn   | Place    | Note
-------+----------+-------------------------------------------
     0 | D:1      | DogServant the Gargoyle Ice Elementalist began the quest
                  | for the Orb.
     0 | D:1      | Reached XP level 1. HP: 10/10 MP: 3/3
   346 | D:1      | Reached XP level 2. HP: 15/15 MP: 1/5
   950 | D:2      | Reached XP level 3. HP: 19/19 MP: 1/6
  1875 | D:2      | Learned a level 3 spell: Frozen Ramparts
  2068 | D:2      | Reached XP level 4. HP: 24/24 MP: 5/8
  2522 | D:3      | Reached skill level 5 in Ice Magic
  2656 | D:3      | Reached skill level 1 in Fighting
  2669 | D:3      | Reached XP level 5. HP: 4/29 MP: 5/9
  3223 | D:3      | Learned a level 3 spell: Ozocubu's Armour
  3556 | D:3      | Reached XP level 6. HP: 35/35 MP: 6/11
  4270 | D:4      | Learned a level 4 spell: Hailstorm
  4380 | D:4      | Reached XP level 7. HP: 40/41 MP: 5/13
  4454 | D:4      | Found the +3 robe of Folly {Archmagi, MR-- Int+5}
  4796 | D:4      | Reached skill level 1 in Conjurations
  4843 | D:4      | Found a staircase to the Ecumenical Temple.
  4852 | Temple   | Entered the Ecumenical Temple
  5103 | D:5      | Entered Level 5 of the Dungeon
  5148 | D:5      | Noticed Edmund
  5551 | D:6      | Reached XP level 8. HP: 8/48 MP: 0/14
  5923 | D:6      | Learned a level 4 spell: Summon Ice Beast
  6243 | D:6      | Found a sand-covered staircase.
  6247 | D:6      | Reached skill level 5 in Spellcasting
  6253 | Ossuary  | Entered an ossuary
  6391 | Ossuary  | Reached skill level 1 in Summonings
  6792 | Ossuary  | Reached skill level 1 in Short Blades
  7244 | Ossuary  | Reached skill level 5 in Fighting
  8058 | D:6      | Reached XP level 9. HP: 48/54 MP: 13/17
  9030 | D:5      | Reached skill level 1 in Maces & Flails
  9120 | D:5      | Killed Edmund
  9432 | D:7      | Noticed Joseph
  9476 | D:7      | Killed Joseph
  9917 | D:7      | Noticed Maggie
  9933 | D:7      | Killed Maggie
 10104 | D:7      | Found an ancient bone altar of Kikubaaqudgha.
 10105 | D:7      | Noticed Dowan
 10124 | D:7      | Killed Dowan
 10132 | D:7      | Noticed Duvessa
 10141 | D:7      | Killed Duvessa
 10306 | D:7      | Found a sacrificial altar of Ru.
 10307 | D:7      | Found a stormy altar of Qazlal.
 10308 | D:7      | Found an opulent altar of Gozag.
 10309 | D:7      | Found a glowing golden altar of the Shining One.
 10338 | D:7      | Reached XP level 10. HP: 61/61 MP: 19/19
 11681 | D:8      | Found a white marble altar of Elyvilon.
 12031 | D:8      | Found a shimmering blue altar of Sif Muna.
 12043 | D:8      | Became a worshipper of Sif Muna the Loreminder
 12113 | D:8      | Found Onku's Armour Shoppe.
 12124 | D:8      | Noticed a two-headed ogre
 12141 | D:8      | Learned a level 1 spell: Magic Dart
 12144 | D:8      | Learned a level 2 spell: Blink
 12184 | D:8      | Killed a two-headed ogre
 12521 | D:8      | Found a shimmering blue altar of Sif Muna.
 12770 | D:9      | Found a snail-covered altar of Cheibriados.
 13020 | D:9      | Reached skill level 1 in Translocations
 13148 | D:9      | Noticed a two-headed ogre
 13156 | D:9      | Killed a two-headed ogre
 13156 | D:9      | Reached skill level 5 in Conjurations
 13156 | D:9      | Reached XP level 11. HP: 63/67 MP: 11/22
 13396 | D:9      | Reached * piety under Sif Muna
 13696 | D:9      | Found a staircase to the Lair.
 13908 | D:10     | Entered Level 10 of the Dungeon
 13943 | D:10     | Noticed a two-headed ogre
 13955 | D:10     | Killed a two-headed ogre
 13995 | D:10     | Found a flagged portal.
 14003 | Bailey   | Entered a bailey
 14043 | Bailey   | Noticed an orc warlord
 14407 | Bailey   | Found a runed translucent gate.
 14407 | Bailey   | Found a runed translucent gate.
 14407 | Bailey   | Found a runed translucent gate.
 14843 | Bailey   | Learned a level 2 spell: Call Imp
 14907 | Bailey   | Killed an orc warlord
 15233 | D:10     | Learned a level 2 spell: Searing Ray
 15276 | D:10     | Reached ** piety under Sif Muna
 15305 | D:10     | Reached skill level 1 in Invocations
 15544 | D:10     | Noticed a centaur warrior
 15591 | D:10     | Killed a centaur warrior
 15592 | D:10     | Noticed a tengu warrior
 15607 | D:10     | Killed a tengu warrior
 15723 | D:10     | Noticed a cyclops
 15811 | D:11     | Noticed a cyan ugly thing
 15819 | D:11     | Killed a cyan ugly thing
 15819 | D:11     | Noticed a purple ugly thing
 15834 | D:11     | Killed a purple ugly thing
 15834 | D:11     | Reached XP level 12. HP: 60/73 MP: 13/24
 16201 | D:11     | Reached skill level 5 in Translocations
 16847 | D:12     | HP: 2/73 [red ugly thing (31)]
 17770 | D:12     | Reached *** piety under Sif Muna
 17771 | D:12     | Reached skill level 5 in Invocations
 18022 | D:13     | Found a runed translucent gate.
 18023 | D:13     | Found a runed translucent gate.
 18023 | D:13     | Found a runed translucent gate.
 18216 | D:13     | Noticed Nessos
 18225 | D:13     | Killed Nessos
 18225 | D:13     | Reached skill level 10 in Ice Magic
 18585 | D:13     | Found Oheg Lith's Magic Scroll Shoppe.
 18588 | D:13     | Bought a scroll of acquirement for 676 gold pieces
 18591 | D:13     | Reached XP level 13. HP: 80/80 MP: 26/26
 18594 | D:13     | Acquired the +3 warlock's mirror {reflect}
 18595 | D:13     | Found the +3 warlock's mirror {reflect}
 18595 | D:13     | Acquired an uncursed staff of cold
 18647 | D:13     | Noticed an ice dragon
 18659 | D:13     | Noticed Afuzoer's ghost (journeyman TrDe)
 18695 | D:13     | Noticed Maurice
 18706 | D:13     | Killed Maurice
 18988 | D:11     | Reached skill level 1 in Staves
 18988 | D:11     | Reached skill level 1 in Shields
 19455 | D:12     | Noticed Josephine
 19492 | D:12     | Killed Josephine
 20950 | D:10     | Found a shadowy altar of Dithmenos.
 21114 | D:10     | Noticed Psyche
 21125 | D:10     | Killed Psyche
 21610 | D:10     | Reached skill level 10 in Spellcasting
 21638 | D:10     | Found a staircase to the Orcish Mines.
 21657 | D:10     | Gained mutation: Your large and strong wings let you fly
                  | indefinitely. [Gargoyle growth]
 21657 | D:10     | Reached XP level 14. HP: 86/86 MP: 10/28
 22127 | D:10     | Noticed Harold
 22152 | D:10     | Killed Harold
 22685 | D:13     | Found a gate to the Vaults.
 23613 | D:14     | Reached **** piety under Sif Muna
 23801 | Lair:1   | Entered Level 1 of the Lair of Beasts
 25027 | Lair:2   | Noticed Erica
 25051 | Lair:2   | Killed Erica
 25548 | Lair:2   | Reached skill level 5 in Shields
 25929 | Lair:2   | Reached skill level 10 in Conjurations
 26594 | Lair:3   | Noticed Gastronok
 27231 | Lair:3   | Noticed Nergalle
 27238 | Lair:3   | Killed Nergalle
 27305 | Lair:3   | Noticed Sonja
 27309 | Lair:3   | Noticed Fannar
 27337 | Lair:3   | Killed Sonja
 27941 | Lair:3   | Killed Fannar
 28084 | Lair:3   | Killed Gastronok
 28502 | Lair:4   | Found a staircase to the Swamp.
 28908 | Lair:4   | Found a staircase to the Snake Pit.
 29922 | Lair:5   | Reached XP level 15. HP: 65/90 MP: 25/29
 31101 | Lair:5   | Reached skill level 10 in Invocations
 31112 | Lair:5   | Reached ***** piety under Sif Muna
 31838 | Lair:6   | Entered Level 6 of the Lair of Beasts
 32691 | Lair:5   | Identified Sif Muna's Almanac of Creative Changing (Sif
                  | Muna gifted it to you on level 5 of the Lair of Beasts)
 32691 | Lair:5   | Received a gift from Sif Muna
 34233 | Lair:6   | Found a viscous altar of Jiyva.
 34234 | Lair:6   | Found a staircase to the Slime Pits.
 34235 | Lair:6   | Found a glowing golden altar of the Shining One.
 35154 | Lair:6   | Received a gift from Sif Muna
 35164 | Lair:6   | Learned a level 5 spell: Fireball
 36935 | Orc:1    | Entered Level 1 of the Orcish Mines
 37008 | Orc:1    | Reached skill level 1 in Fire Magic
 37564 | Orc:1    | Reached XP level 16. HP: 75/96 MP: 31/31
 37703 | Orc:2    | Entered Level 2 of the Orcish Mines
 37935 | Orc:2    | Identified Sif Muna's Catalogue of Feathers and
                  | Transmigration (Sif Muna gifted it to you on level 2 of the
                  | Orcish Mines)
 37935 | Orc:2    | Received a gift from Sif Muna
 39734 | Orc:2    | Found Axocia Puetz's Antique Weapon Shoppe.
 39751 | Orc:2    | Found Axoyllo's General Store.
 39891 | Orc:2    | Found Odiqurynun's Book Shop.
 40143 | Orc:2    | Bought a book of Power for 720 gold pieces
 40143 | Orc:2    | Bought a book of Air for 560 gold pieces
 40150 | Orc:2    | Learned a level 6 spell: Starburst
 40156 | Orc:2    | Learned a level 5 spell: Bolt of Magma
 40406 | Orc:2    | Found a staircase to the Elven Halls.
 40428 | Orc:2    | Found Xiofyfe's Antique Armour Boutique.
 40855 | Snake:1  | Entered Level 1 of the Snake Pit
 40855 | Snake:1  | Noticed Aizul
 41474 | D:14     | Reached skill level 1 in Earth Magic
 42410 | D:15     | Entered Level 15 of the Dungeon
 42410 | D:15     | Found Suvis's Magic Scroll Boutique.
 42420 | D:15     | Bought a scroll of teleportation for 33 gold pieces
 42420 | D:15     | Bought a scroll of amnesia for 38 gold pieces
 42420 | D:15     | Bought a scroll of amnesia for 38 gold pieces
 42420 | D:15     | Bought a scroll of amnesia for 38 gold pieces
 42484 | D:15     | Found a staircase to the Depths.
 42524 | D:15     | Learned a level 6 spell: Freezing Cloud
 43278 | D:14     | Learned a level 7 spell: Orb of Destruction
 43293 | D:15     | Reached skill level 2 in Earth Magic
 43435 | D:15     | Reached skill level 1 in Armour
 44177 | D:15     | Reached skill level 5 in Stealth
 44177 | D:15     | Reached skill level 1 in Evocations
 45318 | D:15     | Reached skill level 10 in Fighting
 46437 | Swamp:1  | Entered Level 1 of the Swamp
 46442 | Swamp:1  | Reached skill level 3 in Earth Magic
 47485 | Swamp:1  | Noticed Nikola
 47507 | Swamp:1  | Killed Nikola
 48636 | Snake:1  | Killed Aizul
 48860 | Snake:1  | Reached skill level 4 in Earth Magic
 48883 | Snake:1  | Reached XP level 17. HP: 103/103 MP: 4/33
 49214 | Snake:1  | Received a gift from Sif Muna
 50132 | Snake:1  | Reached skill level 5 in Fire Magic
 51035 | Snake:1  | Reached skill level 5 in Earth Magic
 52508 | Snake:2  | Reached skill level 6 in Earth Magic
 53890 | Snake:3  | Noticed Bai Suzhen
 53906 | Snake:3  | Noticed Asterion
 53923 | Snake:3  | Killed Asterion
 53944 | Snake:3  | Reached skill level 5 in Evocations
 54584 | Elf:1    | Entered Level 1 of the Elven Halls
 54869 | Swamp:1  | Reached skill level 7 in Earth Magic
 56634 | Swamp:2  | Reached skill level 5 in Armour
 58091 | Swamp:2  | Identified the cursed +1 spear of Wytuzeps {vamp, Fragile
                  | rPois Int+2 Dex+3}
 58092 | Swamp:2  | Noticed supermini's ghost (adept MiFi)
 58093 | Swamp:2  | Identified the cursed +1 war axe "Vureosa" {antimagic,
                  | Str+10 Int-5 Dex-5}
 58096 | Swamp:2  | Identified the +7 demon whip of the Priest {protect, Int+5}
 58098 | Swamp:2  | Noticed Jorgrun
 58101 | Swamp:2  | Killed Jorgrun
 58235 | Swamp:2  | Found a transporter.
 58252 | Swamp:2  | Found a transporter.
 58256 | Swamp:2  | Found a bloodstained altar of Trog.
 58271 | Swamp:2  | Reached XP level 18. HP: 107/108 MP: 22/34
 58271 | Swamp:2  | Reached skill level 8 in Earth Magic
 60765 | Swamp:3  | Identified Sif Muna's Disquisition on the Traveller and
                  | Summoning (Sif Muna gifted it to you on level 3 of the
                  | Swamp)
 60765 | Swamp:3  | Received a gift from Sif Muna
 60771 | Swamp:3  | Learned a level 3 spell: Teleport Other
 61563 | Swamp:4  | Entered Level 4 of the Swamp
 61669 | Swamp:4  | Reached skill level 5 in Summonings
 64413 | Swamp:4  | Learned a level 7 spell: Spellforged Servitor
 64413 | Swamp:4  | Acquired an uncursed staff of fire
 64436 | Swamp:4  | Learned a level 5 spell: Lightning Bolt
 64443 | Swamp:4  | Learned a level 6 spell: Freezing Cloud
 64934 | Swamp:4  | Reached skill level 1 in Air Magic
 66690 | Swamp:4  | Got a decaying rune of Zot
 66956 | Snake:3  | Noticed Azrael
 66971 | Snake:3  | Killed Azrael
 67813 | Snake:3  | Found Cedal's Gadget Boutique.
 67813 | Snake:3  | Found Qiuczeul's Jewellery Emporium.
 67814 | Snake:3  | Found Xawief's Jewellery Emporium.
 67824 | Snake:3  | Bought an uncursed amulet of magic regeneration for 420
                  | gold pieces
 67997 | Snake:3  | Noticed Saint Roka
 68121 | Snake:3  | Reached XP level 19. HP: 96/113 MP: 3/36
 68474 | Snake:3  | Learned a level 6 spell: Iron Shot
 68481 | Snake:3  | Learned a level 4 spell: Airstrike
 68517 | Snake:3  | Killed Bai Suzhen
 68517 | Snake:3  | Reached skill level 9 in Earth Magic
 68788 | Snake:3  | Identified Sif Muna's Grimoire of the Destructive Voyage
                  | (Sif Muna gifted it to you on level 3 of the Snake Pit)
 68788 | Snake:3  | Received a gift from Sif Muna
 69078 | Snake:3  | Killed Saint Roka
 69450 | Snake:4  | Entered Level 4 of the Snake Pit
 70473 | Snake:4  | Reached skill level 10 in Earth Magic
 70619 | Snake:4  | Reached skill level 5 in Air Magic
 70801 | Snake:4  | Received a gift from Sif Muna
 72192 | Snake:4  | Got a serpentine rune of Zot
 72961 | Vaults:1 | Entered Level 1 of the Vaults
 73019 | Vaults:1 | Reached skill level 11 in Earth Magic
 73114 | Vaults:1 | Reached XP level 20. HP: 101/119 MP: 16/37
 74136 | Vaults:1 | Found a portal to a secret trove of treasure.
 74254 | Vaults:1 | Identified Sif Muna's Further Progress in Witchcraft (Sif
                  | Muna gifted it to you on level 1 of the Vaults)
 74254 | Vaults:1 | Received a gift from Sif Muna
 75120 | Vaults:2 | Found a staircase to the Crypt.
 75120 | Vaults:2 | Found an ancient bone altar of Kikubaaqudgha.
 75120 | Vaults:2 | Found a basalt altar of Yredelemnul.
 75968 | Vaults:2 | You are sucked into a shaft and drop 1 floor!
 76995 | Vaults:2 | Reached skill level 12 in Earth Magic
 77406 | Vaults:2 | Noticed Boris
 77512 | Vaults:2 | Found Odesupp's General Store.
 78389 | Elf:1    | Reached skill level 10 in Summonings
 78610 | Elf:1    | Received a gift from Sif Muna
 79628 | Elf:1    | Found Vyamed's General Store.
 80140 | Elf:2    | Found a huge runed translucent gate.
 80140 | Elf:2    | Found a huge runed translucent gate.
 80140 | Elf:2    | Found a huge runed translucent gate.
 80142 | Elf:2    | Found a huge runed translucent gate.
 80143 | Elf:2    | Found a huge runed translucent gate.
 80451 | Elf:2    | Found Atsoital's Antique Armour Shop.
 80459 | Elf:2    | Bought a pair of glowing boots for 247 gold pieces
 80740 | Elf:2    | Reached XP level 21. HP: 67/125 MP: 16/38
 81531 | Elf:3    | Entered Level 3 of the Elven Halls
 81721 | Elf:3    | Reached skill level 13 in Earth Magic
 82414 | Elf:3    | Found Ufept's General Store.
 83064 | Elf:3    | Identified the cursed +1 robe "Mavoutea" {*Contam rPois
                  | rC+}
 83064 | Elf:3    | Identified the ring "Lutahore" {rPois rF+ Int+3 Dex+6}
 83713 | Elf:3    | Identified the ring of Vehumet's Outrage {rElec rF- EV+4
                  | Str+5 SInv}
 83717 | Elf:3    | Identified the +4 short sword "Grum" {venom, +Fly MR-
                  | Str+6}
 83732 | Elf:3    | HP: 2/127 [deep elf archer/arrow (12)]
 84036 | Elf:3    | Identified the +6 mace of Woe {elec, rPois rF- SInv}
 84569 | Elf:3    | Identified the +1 battleaxe of the Wary Stars {flame,
                  | *Drain rPois rN+++}
 85167 | Elf:3    | Learned a level 8 spell: Ignition
 85270 | Elf:3    | Got a transparent golden amulet
 85274 | Elf:3    | Identified the Almanac of Evil Displacement
 85337 | Elf:3    | Acquired the amulet of the Chupacabra {Reflect rPois Int+6
                  | Dex+2 Slay-2 SH+5}
 85338 | Elf:3    | Acquired an uncursed staff of air
 85345 | Elf:3    | Identified the amulet "Konaivof" {Inacc Str+7} (You found
                  | it on level 3 of the Elven Halls)
 85474 | Elf:3    | Got a translucent pewter amulet
 85480 | Elf:3    | Identified the amulet "Yqoeh" {Inacc +Inv} (You found it on
                  | level 3 of the Elven Halls)
 85752 | Orc:2    | Bought a scroll of teleportation for 33 gold pieces
 86278 | Vaults:2 | Killed Boris
 86770 | Vaults:2 | Reached skill level 14 in Earth Magic
 88021 | Vaults:3 | Reached skill level 10 in Fire Magic
 88202 | Vaults:3 | Reached XP level 22. HP: 133/133 MP: 27/40
 89970 | Vaults:4 | Identified Suarr's Catalogue of Displaced Air (Sif Muna
                  | gifted it to you on level 4 of the Vaults)
 89970 | Vaults:4 | Received a gift from Sif Muna
 90486 | Vaults:4 | Noticed Boris
 90496 | Vaults:4 | Killed Boris
 90996 | Vaults:4 | Reached skill level 15 in Earth Magic
 91354 | Vaults:4 | Reached skill level 10 in Air Magic
 91771 | Vaults:4 | Learned a level 8 spell: Lehudib's Crystal Spear
 91818 | Vaults:4 | Reached skill level 15 in Conjurations
 92153 | Vaults:4 | Reached skill level 16 in Earth Magic
 92822 | Slime:1  | Entered Level 1 of the Pits of Slime
 94033 | Slime:1  | Reached XP level 23. HP: 138/138 MP: 39/41
 94074 | Slime:1  | Gained mutation: You are occasionally teleported next to
                  | monsters. [a shining eye]
 94346 | Slime:2  | Identified Sif Muna's Guide on the Entourage and the
                  | Glacier (Sif Muna gifted it to you on level 2 of the Pits
                  | of Slime)
 94346 | Slime:2  | Received a gift from Sif Muna
 95333 | Orc:2    | Bought an embroidered hat for 196 gold pieces
 95546 | Elf:3    | Got a topaz-encrusted ring mail
 95557 | Elf:3    | Identified the +5 ring mail "Tyruamiq" {Int+3} (You found
                  | it on level 3 of the Elven Halls)
 95690 | Elf:2    | Bought a jewelled chain mail for 313 gold pieces
 95690 | Elf:2    | Bought a jewelled ring mail for 297 gold pieces
 95700 | Elf:2    | Identified the +3 chain mail "Hafoe" {rCorr Str-2 Int+4}
                  | (You bought it in a shop on level 2 of the Elven Halls)
 95710 | Elf:2    | Identified the +1 ring mail of the Snail {*Drain +Blink
                  | rPois Str+4} (You bought it in a shop on level 2 of the
                  | Elven Halls)
 97096 | Slime:3  | Reached skill level 17 in Earth Magic
 97577 | Slime:2  | Gained mutation: You are clumsy. (Dex -2) [a shining eye]
 98052 | Swamp:2  | Lost mutation: You are clumsy. (Dex -2) [potion of
                  | mutation]
 98052 | Swamp:2  | Lost mutation: You are occasionally teleported next to
                  | monsters. [potion of mutation]
 98052 | Swamp:2  | Gained mutation: Your mind is acute. (Int +2) [potion of
                  | mutation]
 98052 | Swamp:2  | Gained mutation: You are weak. (Str -2) [potion of
                  | mutation]
 98052 | Swamp:2  | Gained mutation: You are partially covered in yellow
                  | scales. (AC +2) [potion of mutation]
 98052 | Swamp:2  | Gained mutation: You are partially covered in large bone
                  | plates. (SH +4) [potion of mutation]
 98420 | Depths:1 | Entered Level 1 of the Depths
 98438 | D:15     | Bought a scroll of acquirement for 572 gold pieces
 98438 | D:15     | Bought a scroll of enchant armour for 82 gold pieces
 98514 | D:13     | Bought 3 scrolls of enchant armour for 292 gold pieces
 98818 | Elf:3    | Bought a scroll of enchant armour for 127 gold pieces
100316 | Vaults:5 | Entered Level 5 of the Vaults
100328 | Vaults:5 | Noticed a golden dragon
100967 | Vaults:5 | Got a silver rune of Zot
100984 | Vaults:5 | Identified the +9 long sword of the Lumpy Continents
                  | {protect, rC+ Str-3 Int-5 Dex+8}
101003 | Vaults:5 | Slain by a titan

Illustrated notes

Levels and vault maps discovered:
D:1:      saegor_arrival_simple_d, layout_basic
D:2:      layout_loops_corners
D:3:      layout_basic, minmay_shallow_snake_nest
D:4:      layout_loops_ring, minmay_temple_entry_antechambers, minivault_24,
          chequers_serial_rivers_small_b
D:5:      layout_rooms, roderic_lattice_a, uniq_edmund
D:6:      layout_basic, nicolae_ossuary_entry_plus
D:7:      layout_gridville, grunt_temple_overflow_open, uniq_joseph,
          uniq_maggie, uniq_duvessa
D:8:      kennysheep_orc_sif_temple, layout_rooms, kennysheep_mini_moat,
          led_sif_book, serial_shops, shop
D:9:      layout_basic, lemuel_round_altar, erik_lair_dragon
D:10:     minmay_the_grid_triangle_9x9_rhombus_thin
          [minmay_the_grid_triangle_9x9_cache,
          minmay_the_grid_triangle_9x9_prize_top_heavy,
          minmay_the_grid_triangle_9x9_flanged_cone,
          minmay_the_grid_triangle_9x9_negative_grid], layout_gridville,
          basic_altar, enter_bailey_3, uniq_psyche, uniq_harold
D:11:     layout_loops_cross, gauntlet_entry_generic
D:12:     layout_basic, uniq_josephine
D:13:     layout_rooms, david_vaults_4, gammafunk_ghost_icy, serial_shops,
          nicolae_shop_behind_doors, uniq_nessos, uniq_maurice
D:14:     layout_small_grid, infiniplex_staircase_river
D:15:     grunt_enter_depths_giant_problem, layout_stronghold, serial_shops,
          nicolae_shop_stone, palyth_stone_intersect, minivault_7
Temple:   zaba_magenta_temple
Lair:1:   cheibrodos_lair_river_kwai, layout_long_grid
Lair:2:   layout_chaotic_city, serial_forest, infiniplex_forest_lined_3,
          infiniplex_forest_clump_small, infiniplex_forest_fountain,
          infiniplex_forest_lined_corner, infiniplex_forest_end_double,
          infiniplex_forest_split, infiniplex_forest_corner_2, minivault_24,
          uniq_erica
Lair:3:   layout_chaotic_city, serial_bayou_shore_a, uniq_gastronok,
          uniq_fannar, uniq_nergalle, uniq_sonja
Lair:4:   statuecave_lemuel, layout_cave_shapes, minmay_swamp_entry_wisps,
          minmay_snake_entry_six_corridors, grunt_megastairs_4
Lair:5:   kb_forest_paths, layout_regular_city
Lair:6:   minmay_lair_end_enchanted_forest, layout_cave_pods, slime_altar_1,
          portal_ice_cave_entry_pillars_2, basic_altar,
          chequers_serial_rivers_micro_d
Swamp:1:  layout_basic_swamp, hangedman_swamp_ruin_wall, swamp_pool1,
          uniq_nikola
Swamp:2:  layout_falls_marsh, gammafunk_ghost_wrathful_warriors,
          evilmike_swamp_ruin_rubble_1, uniq_jorgrun
Swamp:3:  layout_basic_swamp, nicolae_swamp_trees_clearing
Swamp:4:  swamp_vile, layout_basic_swamp, infiniplex_staircase_pool
Snake:1:  layout_gridlike, serial_bayou_shore_b, grunt_megastairs_3,
          lemuel_fruit_tree, serial_bayou_shore_b, uniq_aizul
Snake:2:  layout_rooms, nicolae_coiled_stairwell_up, grunt_megastairs_2
Snake:3:  layout_chambers, minmay_shop_grove, uniq_bai_suzhen, uniq_azrael,
          uniq_asterion, uniq_saint_roka
Snake:4:  snake_pit, layout_onion_interference, guppyfry_snake_island
Slime:1:  cheibrodos_slime_lost_civilization_9, layout_caves
Slime:2:  layout_caves, cheibrodos_slime_lost_civilization_5
Slime:3:  layout_caves
Orc:1:    layout_diamond_mine
Orc:2:    grunt_orc_gardens, layout_caves, grunt_orc_garden, grunt_orc_garden,
          grunt_orc_garden, grunt_orc_garden
Elf:1:    elf_arrival_002, layout_geoelf_octagon, serial_shops, shop,
          minivault_28
Elf:2:    layout_loops_cross, serial_shops, shop
Elf:3:    minmay_elf_hall_not_hex, layout_gridlike, serial_shops, shop,
          serial_sigils_hangedman_quiver, grunt_ministairs_13
Vaults:1: ontoclasm_vaults_bender, v_misc_8, ontoclasm_vaults_claustrophobia,
          nicolae_vaults_little_squares_2, hangedman_vaults_stretched_pinwheel,
          v_alt_pattern_5, v_misc_4, v_misc_27, nicolae_vaults_little_squares_6,
          nicolae_vaults_specimen_jars, ontoclasm_vaults_eye,
          ontoclasm_vaults_ring_large, hangedman_vaults_restitches,
          layout_vaults_omnibox, nicolae_trove_entry_diagonal
Vaults:2: hangedman_vaults_trim, st_hourglassy, v_misc_22,
          minmay_crypt_entry_necro_gods, ontoclasm_vaults_fault, v_misc_14,
          nicolae_vaults_windows_and_doors_thing, nicolae_vaults_rhombus_5,
          ontoclasm_vaults_idyll, v_misc_25, vaults_standard_mumra_lines,
          nicolae_vaults_alarming, nicolae_vaults_theta,
          nicolae_vaults_shelves_hall, v_misc_10, v_misc_19,
          layout_vaults_maze_bifur, serial_shops, nicolae_shop_crystal,
          uniq_boris
Vaults:3: hangedman_vaults_stagger, vaults_room_corners, vaults_room_boxed,
          v_rooms_5, ontoclasm_vaults_ring_small, v_misc_4, vaults_dpeg_hooks,
          layout_vaults_quadrants
Vaults:4: vaults_room_pool, hangedman_vaults_maws,
          nicolae_vaults_network_quinsquares
          [nicolae_vaults_network_quincunx_subvault,
          nicolae_vaults_network_quincunx_subvault,
          nicolae_vaults_network_quincunx_subvault,
          nicolae_vaults_network_quincunx_subvault], hangedman_vaults_corner,
          hangedman_vaults_stretched_pinwheel, hangedman_vaults_snaps,
          nicolae_vaults_yaktaur_gun_rack, v_alt_pattern_6,
          dpeg_vaults_pockets_of_resistance, nicolae_vaults_little_squares_1,
          ontoclasm_vaults_idyll, layout_vaults_ring
Vaults:5
Depths:1: layout_cave_shapes, enter_ziggurat_d, minmay_room_of_horrors,
          hell_entry, serial_sigils_hangedman_scar,
          muffindrake_ghost_dead_mans_drink, minivault_1, minmay_misc_feat_tiny,
          hangedman_abyss_or_decor_lesser_grid, hangedman_abyss_or_decor_clamps,
          minmay_misc_feat_chi, firewood_loft

Skill      XL: |  1  2  3  4  5  6  7  8  9 10 11 12 13 14 15 16 17 18 19 20 21 22 23 |
---------------+----------------------------------------------------------------------+-----
Spellcasting   | 3 4 5 6 7 8 9 10 11 12 13 14 | 14.0
Ice Magic      | 5 6 7 8 9 10 11 12 | 12.9
Fighting       | 1 2 3 4 5 6 7 9 10 11 12 | 12.5
Stealth        | 3 4 6 |  6.1
Conjurations   | 2 3 5 7 8 9 10 11 12 14 15 16 | 16.0
Summonings     | 2 3 4 7 9 10 11 | 11.0
Short Blades   | 1 2 |  2.2
Maces & Flails | 3 |  3.0
Dodging        | 2 3 4 |  4.6
Translocations | 2 4 6 |  6.8
Invocations    | 3 7 8 9 10 | 10.9
Staves         | 2 4 |  4.1
Shields        | 3 6 8 |  8.3
Fire Magic     | 1 4 7 8 10 11 | 11.3
Earth Magic    | 4 7 8 11 12 14 16 17 | 17.8
Armour         | 1 5 6 7 8 9 |  9.2
Evocations     | 2 5 7 |  7.4
Air Magic      | 2 6 7 9 10 11 | 11.2

Action                   |  1- 3 |  4- 6 |  7- 9 | 10-12 | 13-15 | 16-18 | 19-21 | 22-24 || total
-------------------------+-------+-------+-------+-------+-------+-------+-------+-------++-------
Melee: Unarmed           |    11 |       |       |     2 |       |       |       |       ||    13
       Flail             |       |    57 |   210 |       |       |       |       |       ||   267
       Dagger            |       |    16 |   106 |       |       |       |       |       ||   122
       Whip              |       |       |    38 |       |       |       |       |       ||    38
       Morningstar       |       |       |     8 |   183 |       |       |       |       ||   191
       Staff             |       |       |       |       |   425 |   393 |   262 |    50 ||  1130
Throw: Dart              |       |       |       |       |       |       |     1 |       ||     1
 Cast: Freeze            |    47 |    21 |    64 |    88 |   134 |    18 |       |       ||   372
       Frozen Ramparts   |       |    14 |    55 |    81 |   152 |    87 |   126 |    33 ||   548
       Ozocubu's Armour  |       |     1 |    24 |    19 |    18 |     9 |     4 |     5 ||    80
       Summon Ice Beast  |       |       |     6 |    12 |    19 |    13 |       |       ||    50
       Hailstorm         |       |       |       |    19 |   154 |    62 |    31 |     4 ||   270
       Magic Dart        |       |       |       |    31 |       |       |       |       ||    31
       Searing Ray       |       |       |       |    12 |    55 |    73 |       |       ||   140
       Call Imp          |       |       |       |     2 |       |       |       |       ||     2
       Blink             |       |       |       |     2 |    11 |    29 |     9 |     8 ||    59
       Metabolic Englaci |       |       |       |       |     1 |       |       |       ||     1
       Fireball          |       |       |       |       |    10 |    23 |       |       ||    33
       Bolt of Magma     |       |       |       |       |       |   199 |       |       ||   199
       Orb of Destructio |       |       |       |       |       |   205 |       |       ||   205
       Starburst         |       |       |       |       |       |    37 |    10 |    11 ||    58
       Freezing Cloud    |       |       |       |       |       |    17 |       |       ||    17
       Ignition          |       |       |       |       |       |     1 |       |       ||     1
       Lightning Bolt    |       |       |       |       |       |    93 |    48 |    16 ||   157
       Teleport Other    |       |       |       |       |       |     5 |       |       ||     5
       Iron Shot         |       |       |       |       |       |       |   569 |   337 ||   906
       Airstrike         |       |       |       |       |       |       |    46 |       ||    46
       Spellforged Servi |       |       |       |       |       |       |    26 |    13 ||    39
Invok: Divine Exegesis   |       |       |       |       |     1 |     1 |       |       ||     2
       Channel Magic     |       |       |       |       |       |     7 |    18 |    11 ||    36
       Forget Spell      |       |       |       |       |       |     1 |     1 |     1 ||     3
 Abil: Fly               |       |       |       |       |       |     1 |       |       ||     1
Evoke: Wand              |       |       |     1 |       |       |     9 |       |       ||    10
  Use: Scroll            |     4 |     5 |    16 |    10 |     8 |    27 |    17 |     6 ||    93
       Potion            |       |     1 |       |     4 |       |    12 |     8 |    15 ||    40
 Stab: Sleeping          |       |       |     2 |     4 |     1 |       |     1 |       ||     8
       Distracted        |       |       |       |       |       |     1 |     2 |     1 ||     4
       Confused          |       |       |       |       |       |     1 |       |       ||     1
Armor: Robe              |    15 |    56 |   266 |       |       |       |       |       ||   337
       Steam dragon scal |       |       |     9 |   233 |   431 |   108 |       |       ||   781
       Skin              |       |       |       |     1 |       |    79 |       |       ||    80
       Acid dragon scale |       |       |       |       |       |   560 |   408 |    55 ||  1023
       Ring mail         |       |       |       |       |       |       |       |   133 ||   133
Dodge: Dodged            |    35 |    84 |   335 |   236 |   420 |   572 |   262 |   108 ||  2052
Block: Buckler           |       |       |       |       |   258 |   552 |   272 |   152 ||  1234
       Reflection        |       |       |       |       |     9 |    61 |    96 |    28 ||   194

Table legend: (Time is in decaauts)
 A = Elapsed time spent in this place.
 B = Non-inter-level travel time spent in this place.
 C = Inter-level travel time spent in this place.
 D = Time resting spent in this place.
 E = Time spent auto-exploring this place.
 F = Levels seen in this place.
 G = Mean time per level.
                   A        B        C        D        E       F      G
               +--------+--------+--------+--------+--------+-----+--------+
         Total | 103849 |  94892 |   8957 |  46283 |  31253 |  46 | 2257.6 |
       Dungeon |  29993 |  26006 |   3987 |  10616 |   9895 |  15 | 1999.5 |
        Temple |      1 |      0 |      1 |      0 |      0 |   1 |    1.0 |
          Lair |  16882 |  14911 |   1971 |   7110 |   5378 |   6 | 2813.7 |
         Swamp |  13793 |  13187 |    606 |   8448 |   2971 |   4 | 3448.2 |
     Snake Pit |  12081 |  11732 |    349 |   5791 |   3646 |   4 | 3020.2 |
    Slime Pits |   3063 |   2933 |    130 |   1831 |    712 |   3 | 1021.0 |
  Orcish Mines |   4209 |   3772 |    437 |   1731 |   1287 |   2 | 2104.5 |
   Elven Halls |   8403 |   7408 |    995 |   3697 |   2226 |   3 | 2801.0 |
        Vaults |  12807 |  12330 |    477 |   5646 |   4633 |   5 | 2561.4 |
        Depths |      1 |      1 |      0 |      0 |      0 |   1 |    1.0 |
       Ossuary |   1473 |   1473 |      0 |    775 |    260 |   1 | 1473.0 |
        Bailey |   1138 |   1138 |      0 |    636 |    241 |   1 | 1138.0 |
               +--------+--------+--------+--------+--------+-----+--------+

Top non-repeatable levels by time:
  Lair:6: 4756 daAuts
 Swamp:4: 4692 daAuts
   Elf:3: 4434 daAuts
 Swamp:3: 3659 daAuts
Vaults:3: 3582 daAuts
  Lair:5: 3389 daAuts
Vaults:2: 3360 daAuts
 Snake:3: 3253 daAuts
 Swamp:2: 3229 daAuts
    D:15: 3206 daAuts
    D:12: 3178 daAuts
  Lair:4: 3172 daAuts
 Snake:1: 3101 daAuts
 Snake:4: 2969 daAuts
    D:14: 2953 daAuts
